 Dungeon Crawl Stone Soup version 0.32-a0-841-g4648e6c457 (webtiles) character file.

Game seed: 10880627466193432547

298 pascalblue the Conjurer (level 6, -4/32 HPs)
             Began as a Deep Elf Conjurer on Mar 26, 2024.
             Slain by a gnoll
             ... wielding a +0 flail
              (9 damage)
             ... on level 3 of the Dungeon.
             The game lasted 00:10:37 (2900 turns).

pascalblue the Conjurer (Deep Elf Conjurer)         Turns: 2900, Time: 00:10:38

Health: -4/32      AC:  3    Str:  4    XL:     6   Next: 13%
Magic:  11/15      EV: 11    Int: 25    God:
Gold:   227        SH:  0    Dex: 13    Spells: 3/14 levels left

rFire   . . .        p - +1 dagger (venom)
rCold   . . .        (no shield)
rNeg    . . .        a - +0 robe
rPois   .            (no helmet)
rElec   .            k - +0 cloak
rCorr   .            (no gloves)
SInv    .            (no boots)
Will    .....        (no amulet)
Stlth   ++           (no ring)
HPRegen 0.25/turn    (no ring)
MPRegen 0.14/turn

%: no passive effects
@: no status effects
A: no striking features
a: no special abilities


You were on level 3 of the Dungeon.
You visited 1 branch of the dungeon, and saw 4 of its levels.

You collected 227 gold pieces.

Inventory:

Hand Weapons
 c - a +0 dagger
 p - a +1 dagger of venom (weapon)
Armour
 a - a +0 robe (worn)
 k - a +0 cloak (worn)
Scrolls
 e - 2 scrolls of identify {unknown}
 f - a scroll of vulnerability {unknown}
 g - a scroll of butterflies {unknown}
 h - a scroll of revelation {unknown}
 n - a scroll of noise {unknown}
Potions
 b - a potion of magic
 d - a potion of degeneration {unknown}
 i - a potion of curing {unknown}
 j - 3 potions of might {unknown}
 l - 2 potions of invisibility {unknown}
 m - a potion of heal wounds {unknown}
 o - a potion of lignification {unknown}
 q - a potion of brilliance {unknown}


   Skills:
 - Level 3.0 Dodging
 - Level 2.4 Stealth
 + Level 4.9 Spellcasting
 * Level 6.5 Conjurations
 + Level 2.0 Translocations
 + Level 1.9 Alchemy


You had 3 spell levels left.
You knew the following spells:

 Your Spells              Type           Power      Damage    Failure   Level
a - Magic Dart            Conj           100%       1d8       1%          1
b - Searing Ray           Conj           76%        2d7       1%          2
c - Fulminant Prism       Conj/Alch      13%        3d9       14%         4
d - Iskenderun's Mystic   Conj/Tloc      27%        2d7       14%         4

Your spell library contained the following spells:

 Spells                   Type           Power      Damage    Failure   Level
 Ensorcelled Hibernation  Hex/Ice        12%        N/A       13%         2
 Passwall                 Erth           6%         N/A       26%         3
 Swiftness                Air            6%         N/A       26%         3


Dungeon Overview and Level Annotations

Branches:
Dungeon (4/15)
 Temple: D:4-7

Altars:
Yredelemnul


Message History

The gnoll hits you with a +0 flail.
The ball python bites you but does no damage.
The ball python grabs you.
You stop ascending the stairs.
The ball python constricts you.
The ball python's grasp on you weakens, but your attempt to escape fails.
The ball python bites you but does no damage.
The ball python constricts you. The gnoll hits you with a +0 flail.
A gnoll comes into view. It is wielding a +0 halberd.
Casting: Magic Dart (safe; 1% risk of failure)
Confirm with . or Enter, or press ? or * to list all spells.
Aiming: Magic Dart (safe; 1% risk of failure)
Press: ? - help, Shift-Dir - straight line, f - ball python
Aim: a ball python (constricting you, 100% to hit)
The magic dart hits the ball python.
The ball python is severely wounded.
The gnoll shouts!
The ball python bites you. The ball python constricts you.
The gnoll hits you with a +0 flail.
Casting: Magic Dart (safe; 1% risk of failure)
Confirm with . or Enter, or press ? or * to list all spells.
Aiming: Magic Dart (safe; 1% risk of failure)
Press: ? - help, Shift-Dir - straight line, f/p - ball python
Aim: a ball python (severely wounded, constricting you, 100% to hit)
The magic dart hits the ball python.
You kill the ball python!
The gnoll closely misses you. The gnoll hits you with a +0 flail!
* * * LOW HITPOINT WARNING * * *
You climb upwards.
There is a stone staircase leading down here.
Casting: Magic Dart (safe; 1% risk of failure)
Confirm with . or Enter, or press ? or * to list all spells.
Aiming: Searing Ray (safe; 1% risk of failure)
Press: ? - help, Shift-Dir - straight line, f - gnoll
Aim: a gnoll, wielding a +0 flail (83% to hit)
The searing ray hits the gnoll.
The gnoll is moderately wounded. (Press . to maintain the ray.)
The gnoll hits you with a +0 flail!
You die...

..#.###..........#.## #
.##...........<..#.# ########
..##..#..........).#######.......
#...............[.)..........####
...#.............<().........#
...#.........รท....)..........#
.................##..........#
.....#..........g##..........###
...#...###.[....@##............##
..##..## ##########..........#...
.###..# #..........###. ## ####
############ ## #


You could see a gnoll.

Vanquished Creatures
  Sigmund (D:3)
  Robin (D:3)
  3 adders
  3 dart slugs
  A ribbon worm (D:2)
  4 orcs (D:3)
  7 ball pythons
  11 endoplasms
  3 giant cockroaches
  12 goblins
  6 hobgoblins
  2 jackals (D:3)
  5 kobolds
  4 quokkas
  7 bats
  2 frilled lizards
  7 rats
79 creatures vanquished.

Notes
Turn   | Place    | Note
-------+----------+-------------------------------------------
     0 | D:1      | pascalblue the Deep Elf Conjurer began the quest for the
                  | Orb.
     0 | D:1      | Reached XP level 1. HP: 10/10 MP: 6/6
   218 | D:1      | Reached XP level 2. HP: 15/15 MP: 5/8
   221 | D:1      | Learned a level 2 spell: Searing Ray
  1073 | D:1      | Reached skill level 5 in Conjurations
  1073 | D:1      | Reached XP level 3. HP: 19/19 MP: 3/10
  1695 | D:2      | Reached XP level 4. HP: 22/24 MP: 7/12
  1773 | D:2      | Learned a level 4 spell: Fulminant Prism
  1778 | D:2      | Learned a level 4 spell: Iskenderun's Mystic Blast
  1992 | D:2      | Found a faded altar of an unknown god.
  2352 | D:3      | Noticed Robin
  2362 | D:3      | Killed Robin
  2569 | D:3      | Noticed Sigmund
  2574 | D:3      | Killed Sigmund
  2575 | D:3      | Reached skill level 6 in Conjurations
  2575 | D:3      | Reached skill level 1 in Translocations
  2575 | D:3      | Reached skill level 1 in Alchemy
  2575 | D:3      | Reached XP level 5. HP: 28/28 MP: 7/14
  2575 | D:3      | Reached XP level 6. HP: 32/32 MP: 7/15
  2698 | D:3      | Found a basalt altar of Yredelemnul.
  2900 | D:3      | Slain by a gnoll

Illustrated notes

Levels and vault maps discovered:
D:1:      evilmike_arrival_crescent, layout_loops_corners, serial_rivers,
          chequers_serial_rivers_room_a, chequers_serial_rivers_room_b,
          chequers_serial_rivers_micro_d, chequers_serial_rivers_micro_b
D:2:      layout_basic, dreamdust_ecumenical_altar_hidden_monk_grotto
D:3:      layout_rooms, yredelemnul_altar_generic, uniq_sigmund, uniq_robin
D:4:      layout_cave_pools, nicolae_qazlal_scattered_showers,
          lemuel_doored_altar

Skill      XL: |  1  2  3  4  5  6 |
---------------+-------------------+-----
Dodging        | 3 |  3.0
Conjurations   | 5 6 |  6.5
Spellcasting   | 4 |  4.9
Translocations | 1 2 |  2.0
Alchemy        | 1 |  1.9
Stealth        | |  2.4

Action                     |  1- 3 |  4- 6 || total
---------------------------+-------+-------++-------
  Melee: Unarmed           |     1 |       ||     1
         Dagger            |     2 |     2 ||     4
   Cast: Magic Dart        |    78 |    50 ||   128
         Searing Ray       |     3 |     6 ||     9
 Armour: Robe              |    11 |    18 ||    29
  Dodge: Dodged            |     4 |    14 ||    18

Table legend: (Time is in decaauts)
 A = Elapsed time spent in this place.
 B = Non-inter-level travel time spent in this place.
 C = Inter-level travel time spent in this place.
 D = Time resting spent in this place.
 E = Time spent auto-exploring this place.
 F = Levels seen in this place.
 G = Mean time per level.
                   A        B        C        D        E       F      G
               +--------+--------+--------+--------+--------+-----+--------+
         Total |   2902 |   2870 |     32 |    153 |   2342 |   4 |  725.5 |
       Dungeon |   2902 |   2870 |     32 |    153 |   2342 |   4 |  725.5 |
               +--------+--------+--------+--------+--------+-----+--------+

Top non-repeatable levels by time:
     D:1: 1353 daAuts
     D:3: 874 daAuts
     D:2: 664 daAuts
     D:4: 9 daAuts
